 Dungeon Crawl Stone Soup version 0.28-a0-850-g09de17f5b5 (webtiles) character file.

Game seed: 16667772347328956754

96 Froggeryz the Covered (level 4, -1/26 HPs)
             Began as a Gargoyle Enchanter on Nov 14, 2021.
             Slain by an orc wizard (3 damage)
             ... on level 3 of the Dungeon.
             The game lasted 00:04:04 (3350 turns).

Froggeryz the Covered (Gargoyle Enchanter)          Turns: 3350, Time: 00:04:05

Health: -1/26      AC: 16    Str: 13    XL:     4   Next: 67%
Magic:  7/7        EV: 10    Int: 15    God:
Gold:   114        SH:  0    Dex: 10    Spells: 7/7 levels left

rFire   . . .      SeeInvis .   q - +0 flail
rCold   . . .      Faith    .   (no shield)
rNeg    + . .      Spirit   .   e - +0 ring mail
rPois   ∞          Reflect  .   n - +2 helmet
rElec   +          Harm     .   (no cloak)
rCorr   .          Rampage  .   (no gloves)
Will    .....                   (no boots)
Stlth   ..........              (no amulet)
HPRegen 0.08/turn               i - +4 ring of protection
MPRegen 0.10/turn               (no ring)

@: confused
A: sickness immunity, AC +3, negative energy resistance 1, electricity
resistance, torment resistance 1, petrification resistance
a: no special abilities


You were on level 3 of the Dungeon.
You visited 1 branch of the dungeon, and saw 3 of its levels.

You collected 114 gold pieces.

Inventory:

Hand Weapons
 q - a +0 flail (weapon)
Missiles
 g - 20 sling bullets
 j - 81 stones (quivered)
Armour
 e - a +0 ring mail (worn)
 n - a +2 helmet (worn)
Jewellery
 i - a +4 ring of protection (left hand)
Scrolls
 d - 2 scrolls of identify {unknown}
 f - a scroll of immolation
 m - a scroll of fear {unknown}
Potions
 a - a potion of brilliance {unknown}
 c - a potion of invisibility
 h - a potion of mutation {unknown}
 k - a potion of heal wounds {unknown}
 o - a potion of attraction {unknown}
 p - a potion of berserk rage {unknown}


   Skills:
 + Level 1.6 Fighting
 - Level 1.0 Short Blades
 * Level 1.4 Maces & Flails
 - Level 3.5 Armour
 - Level 1.5 Dodging
 - Level 3.2 Stealth
 - Level 2.0 Spellcasting
 - Level 2.6 Hexes


You had 7 spell levels left.
You didn't know any spells.
Your spell library contained the following spells:

 Spells                   Type           Power      Damage    Failure   Level
 Ensorcelled Hibernation  Hex/Ice        10%        N/A       36%         2
 Confusing Touch          Hex            9%         N/A       41%         3
 Tukima's Dance           Hex            9%         N/A       41%         3
 Dazzling Flash           Conj/Hex       10%        N/A       61%         3


Dungeon Overview and Level Annotations

Branches:
Dungeon (3/15)

Altars:


Innate Abilities, Weirdness & Mutations

You are immune to sickness and miasma.
Your stone body is resilient. (AC +3)
You are immune to poison.
You resist negative energy. (rN+)
You are resistant to electric shocks. (rElec)
You are resistant to unholy torment.
You are immune to petrification.


Message History

Throw: 85 stones
Press: ? - help, Q - select action Shift-Dir - straight line, f - orc wizard
Aim: an orc wizard, wielding a +1 dagger of distortion and wearing a +0 robe (lightly wounded, 45% to hit)
You throw a stone.
The stone hits the orc wizard but does no damage.
The orc wizard is lightly wounded.
Throw: 84 stones
Press: ? - help, Q - select action Shift-Dir - straight line, f/p - orc wizard
Aim: an orc wizard, wielding a +1 dagger of distortion and wearing a +0 robe (lightly wounded, 45% to hit)
You throw a stone.
The stone hits the orc wizard but does no damage.
The orc wizard is lightly wounded.
Throw: 83 stones
Press: ? - help, Q - select action Shift-Dir - straight line, f/p - orc wizard
Aim: an orc wizard, wielding a +1 dagger of distortion and wearing a +0 robe (lightly wounded, 45% to hit)
You throw a stone.
The stone hits the orc wizard but does no damage.
The orc wizard is lightly wounded.
Throw: 82 stones
Press: ? - help, Q - select action Shift-Dir - straight line, f/p - orc wizard
Aim: an orc wizard, wielding a +1 dagger of distortion and wearing a +0 robe (lightly wounded, 45% to hit)
You throw a stone. The stone barely misses the orc wizard.
i - a +4 ring of protection (left hand)
You miss the orc wizard.
The orc wizard is lightly wounded.
The orc wizard hits you with a +1 dagger of distortion.
You closely miss the orc wizard.
The orc wizard is lightly wounded.
The orc wizard casts a spell at you. The puff of flame hits you.
You barely miss the orc wizard.
The orc wizard is lightly wounded.
The orc wizard hits you with a +1 dagger of distortion.
Space warps horribly around you!
Ouch! That really hurt!
* * * LOW HITPOINT WARNING * * *
The orc wizard gestures at you while chanting.
You are confused.
The orc wizard hits you with a +1 dagger of distortion.
You die...

## .............................
. #####....##########r.......# ..
######..####### #........#
...###....(........###........#
...........).#####............###
.......<............###........
###.....(((.......#............
#..........########..........
####.......o@.....##.........
#########..............#####.....
..........##............# #.....
#########.............#.# #.....
#####....)....#.# #####.
#...........# ###< #........<..##
#... #######..#...## #...
##..##..####...


You could see an orc wizard.

Vanquished Creatures
  2 adders (D:3)
  3 gnolls (D:2)
  2 dart slugs
  2 orcs
  An endoplasm (D:1)
  3 giant cockroaches
  2 goblins
  6 hobgoblins
  5 kobolds
  4 quokkas
  4 ball pythons
  4 bats
  6 frilled lizards
  2 rats (D:2)
46 creatures vanquished.

Notes
Turn   | Place    | Note
-------+----------+-------------------------------------------
     0 | D:1      | Froggeryz the Gargoyle Enchanter began the quest for the
                  | Orb.
     0 | D:1      | Reached XP level 1. HP: 10/10 MP: 3/3
   278 | D:1      | Found a faded altar of an unknown god.
   339 | D:1      | Reached skill level 1 in Fighting
   339 | D:1      | Reached skill level 1 in Armour
   339 | D:1      | Reached XP level 2. HP: 13/16 MP: 5/5
   703 | D:1      | Reached skill level 1 in Short Blades
  1625 | D:2      | Reached XP level 3. HP: 11/20 MP: 6/6
  2263 | D:2      | Reached XP level 4. HP: 25/25 MP: 7/7
  3088 | D:3      | Reached skill level 1 in Maces & Flails
  3350 | D:3      | Slain by an orc wizard

Illustrated notes

Levels and vault maps discovered:
D:1:      minmay_arrival_pointy, layout_basic,
          hellmonk_ecumenical_altar_blasted, lemuel_another_geyser
D:2:      layout_loops_cross, kennysheep_minor_cross, moated_statue
D:3:      layout_rooms, uniq_jessica

Skill      XL: |  1  2  3  4 |
---------------+-------------+-----
Fighting       | 1 |  1.6
Armour         | 1 2 3 |  3.5
Short Blades   | 1 |  1.0
Maces & Flails | 1 |  1.4
Dodging        | |  1.5
Stealth        | |  3.2
Spellcasting   | |  2.0
Hexes          | |  2.6

Action                   |  1- 3 |  4- 6 || total
-------------------------+-------+-------++-------
Melee: Dagger            |   133 |       ||   133
       Whip              |     9 |    76 ||    85
       Flail             |       |     6 ||     6
Throw: Dart              |     9 |    10 ||    19
       Stone             |     2 |     6 ||     8
 Stab: Sleeping          |     4 |     2 ||     6
Armor: Ring mail         |    83 |    53 ||   136
Dodge: Dodged            |    90 |    63 ||   153

Table legend: (Time is in decaauts)
 A = Elapsed time spent in this place.
 B = Non-inter-level travel time spent in this place.
 C = Inter-level travel time spent in this place.
 D = Time resting spent in this place.
 E = Time spent auto-exploring this place.
 F = Levels seen in this place.
 G = Mean time per level.
                   A        B        C        D        E       F      G
               +--------+--------+--------+--------+--------+-----+--------+
         Total |   3356 |   3240 |    116 |    800 |   1733 |   3 | 1118.7 |
       Dungeon |   3356 |   3240 |    116 |    800 |   1733 |   3 | 1118.7 |
               +--------+--------+--------+--------+--------+-----+--------+

Top non-repeatable levels by time:
     D:1: 1810 daAuts
     D:2: 981 daAuts
     D:3: 565 daAuts
